 Dungeon Crawl Stone Soup version 0.22-a0-469-gf26638a (webtiles) character file.

112 gmonis the Cudgeler (level 4, -14/58 HPs)
             Began as a Minotaur Berserker on June 11, 2018.
             Was a Believer of Trog.
             Demolished by an orc warrior
             ... wielding a +0 dire flail
              (16 damage)
             ... on level 2 of the Dungeon.
             The game lasted 00:06:12 (2303 turns).

gmonis the Cudgeler (Minotaur Berserker)            Turns: 2303, Time: 00:06:12

Health: -14/58     AC:  5    Str: 26    XL:     4   Next: 64%
Magic:  3/3        EV:  9    Int:  4    God:    Trog [**....]
Gold:   102        SH:  8    Dex: 11    Spells: 3/3 levels left

rFire    . . .     SeeInvis .   a - +0 mace
rCold    . . .     Gourm    .   m - +0 shield
rNeg     . . .     Faith    .   b - +0 animal skin
rPois    .         Spirit   .   (helmet restricted)
rElec    .         Reflect  .   (no cloak)
rCorr    .         Harm     .   l - -1 pair of gloves (curse)
MR       .....                  p - +2 pair of boots
Stlth    ..........             (no amulet)
HPRegen  0.19/turn              (no ring)
MPRegen  0.08/turn              (no ring)

@: berserking (expiring), very quick
A: retaliatory headbutt, horns 2
a: Berserk, Trog's Hand, Renounce Religion


You were on level 2 of the Dungeon.
You worshipped Trog.
Trog was pleased with you.
You were very hungry.

You visited 1 branch of the dungeon, and saw 3 of its levels.

You collected 102 gold pieces.

Inventory:

Hand Weapons
 a - a +0 mace (weapon)
Missiles
 f - 57 stones (quivered)
Armour
 b - a +0 animal skin (worn)
 l - a cursed -1 pair of gloves (worn)
 m - a +0 shield (worn)
 p - a +2 pair of boots (worn)
Jewellery
 i - an uncursed ring of positive energy {unknown}
 k - a cursed ring of loudness {unknown}
Scrolls
 d - a scroll of amnesia {unknown}
 e - 3 scrolls of remove curse {unknown}
 g - 2 scrolls of identify {unknown}
 h - 2 scrolls of enchant weapon {unknown}
 o - a scroll of immolation {unknown}
Potions
 j - a potion of brilliance {unknown}
 n - a potion of curing {unknown}
 q - a potion of resistance {unknown}
Comestibles
 c - 2 rations


   Skills:
 - Level 3.6 Fighting
 * Level 6.3 Maces & Flails
 + Level 2.8 Armour
 - Level 2.1 Dodging
 + Level 1.0 Shields


You had 3 spell levels left.
You didn't know any spells.
Your spell library was empty.

Dungeon Overview and Level Annotations

Branches:
Dungeon (3/15)

Altars:
Nemelex Xobeh
Zin


Innate Abilities, Weirdness & Mutations

You reflexively headbutt those who attack you in melee.
You have a pair of horns on your head.


Message History

The orc wizard hits you but does no damage.
The orc hits you with a hand axe.
Things that are here:
a mace; an orc corpse You barely miss the orc wizard.
You block the orc's attack. You block the orc wizard's attack.
You hit the orc wizard.
The orc wizard is heavily wounded.
The orc barely misses you.
The orc warrior hits you with a dire flail!!
* * * LOW HITPOINT WARNING * * *
You closely miss the orc wizard. You headbutt the orc wizard.
The orc wizard is almost dead.
The orc hits you with an enchanted flail.
* * * LOW HITPOINT WARNING * * *
The orc wizard hits you with a dagger.
* * * LOW HITPOINT WARNING * * *
The orc hits you but does no damage.
The orc warrior hits you with a dire flail!
You die...

.# .# #.#
.# #.# ##.
#.# #.. #
#.#
#.###.# ##
#.#
#o....# .
.. #.#
#@o#
....#.##.#
#oo#
#...).<#
#..#
###.####
#..# #
#..# #..#
##..#
###.#.##
#..###.#


You could see an orc warrior, an orc wizard and 2 orcs.

Vanquished Creatures
  An orc priest (D:2)
  3 gnolls (D:2)
  An adder (D:2)
  2 worms (D:2)
  A dart slug (D:1)
  A leopard gecko (D:2)
  3 hobgoblins
  4 jackals (D:1)
  7 kobolds
  3 bats
  3 frilled lizards
  5 goblins
  5 rats
39 creatures vanquished.

Notes
Turn   | Place    | Note
-------+----------+-------------------------------------------
     0 | D:1      | gmonis the Minotaur Berserker began the quest for the Orb.
     0 | D:1      | Reached XP level 1. HP: 19/19 MP: 0/0
    97 | D:1      | Reached skill level 4 in Maces & Flails
   156 | D:1      | Found a sparkling altar of Nemelex Xobeh.
   169 | D:1      | Reached XP level 2. HP: 26/26 MP: 1/1
  1143 | D:1      | Reached skill level 5 in Maces & Flails
  1376 | D:2      | Reached XP level 3. HP: 16/31 MP: 2/2
  1656 | D:2      | Found a glowing silver altar of Zin.
  1671 | D:2      | Reached skill level 6 in Maces & Flails
  1671 | D:2      | Reached XP level 4. HP: 9/39 MP: 3/3
  2264 | D:2      | Reached ** piety under Trog
  2292 | D:2      | Noticed an orc warrior
  2299 | D:2      | Reached skill level 1 in Shields
  2303 | D:2      | HP: 2/58 [orc wizard/dagger (2)]
  2303 | D:2      | Demolished by an orc warrior

Vault maps used:
D:1:      tarquinn_simple_flora_water_d, nemelex_xobeh_ov_fountains_minmay
D:2:      nicolae_overflow_crystal_walls, gammafunk_temple_overflow_pools
D:3:      marbit_many_paths

Skill      XL: |  1  2  3  4 |
---------------+-------------+-----
Maces & Flails | 4 5 6 |  6.3
Shields        | 1 |  1.0
Fighting       | |  3.6
Armour         | |  2.8
Dodging        | |  2.1

Action                   |  1- 3 |  4- 6 || total
-------------------------+-------+-------++-------
Melee: Mace              |    61 |    23 ||    84
       Headbutt          |    12 |     4 ||    16
Throw: Stone             |     2 |     2 ||     4
Invok: Berserk           |       |     1 ||     1
  Eat: Chunk             |     2 |     2 ||     4
Armor: Animal skin       |    17 |     6 ||    23
Dodge: Dodged            |    55 |     6 ||    61
Block: Shield            |       |     8 ||     8

Table legend:
 A = Spawn XP
 B = Non-spawn XP
 C = Spawn XP percentage of total XP
 D = Spawn monster count
 E = Non-spawn monster count
 F = Spawn count percentage of total count
 G = Total turns spent on level
                    A         B        C        D         E        F      G
               +---------+---------+-------+---------+---------+-------+---------
         Total |       0 |     161 |   0.0 |       0 |      39 |   0.0 |  2303
               +---------+---------+-------+---------+---------+-------+---------
           D:1 |       0 |      33 |   0.0 |       0 |      19 |   0.0 |  1325
           D:2 |       0 |     127 |   0.0 |       0 |      19 |   0.0 |   936
           D:3 |       0 |       1 |   0.0 |       0 |       1 |   0.0 |    42
               +---------+---------+-------+---------+---------+-------+---------
